 Dungeon Crawl Stone Soup version 0.27.1-35-g4d5d836560 (webtiles) character file.

Game seed: 18364085962655973910

139 cbfl8 the Slasher (level 5, -1/70 HPs)
             Began as a Minotaur Monk on Apr 21, 2022.
             Succumbed to an orc wizard's poison
             ... on level 4 of the Dungeon.
             The game lasted 00:07:17 (3524 turns).

cbfl8 the Slasher (Minotaur Monk)                   Turns: 3524, Time: 00:07:18

Health: -1/70      AC: 22    Str: 16 (17) XL:     5   Next: 1%
Magic:  4/4        EV:  2    Int:  6 (7)  God:
Gold:   133        SH:  5    Dex: 12      Spells: 4/4 levels left

rFire    . . .     SeeInvis .   v - +0 war axe
rCold    . . .     Faith    .   q - +2 buckler
rNeg     + + +     Spirit   .   (armour currently unavailable)
rPois    +         Reflect  .   (helmet currently unavailable)
rElec    .         Harm     .   (cloak currently unavailable)
rCorr    +         Rampage  .   (gloves currently unavailable)
Will     .....     NoTele   +   (boots currently unavailable)
Stlth    ++........             (no amulet)
HPRegen  0.21/turn              c - ring of poison resistance
MPRegen  0.09/turn              o - ring of resist corrosion

@: lethally poisoned (-1 -> -10), tree-form
A: stationary, stasis, torment immunity, boosted hp, (horns 2), (retaliatory
headbutt)
a: no special abilities


You were on level 4 of the Dungeon.
You were a tree.
You visited 1 branch of the dungeon, and saw 4 of its levels.

You collected 133 gold pieces.

Inventory:

Hand Weapons
 a - a +0 falchion
 m - a +7 dagger of venom
 v - a +0 war axe (weapon)
Armour
 b - a +0 robe
 i - a +0 ring mail
 j - a +0 chain mail (melded)
 q - a +2 buckler (worn)
Jewellery
 c - a ring of poison resistance (left branch)
 o - a ring of resist corrosion (right branch)
Wands
 k - a wand of flame (9)
 w - a wand of polymorph (2)
Scrolls
 e - a scroll of teleportation
 f - 2 scrolls of torment
 g - a scroll of identify
 h - a scroll of noise
 l - a scroll of brand weapon
 p - 3 scrolls of enchant weapon
 u - a scroll of blinking
Potions
 r - a potion of degeneration
 t - a potion of haste


   Skills:
 + Level 4.6 Fighting
 + Level 5.0 Long Blades
 + Level 0.8 Axes
 + Level 1.2 Armour
 + Level 3.6 Dodging
 + Level 2.1 Stealth
 + Level 1.0 Shields


You had 4 spell levels left.
You didn't know any spells.
Your spell library contained the following spells:

 Spells                   Type           Power      Damage    Failure   Level
 Slow                     Hex            0%         N/A       73%         2
 Confusing Touch          Hex            0%         N/A       91%         3
 Yara's Violent Unravell  Hex/Tmut       0%         3d3       100%        5


Dungeon Overview and Level Annotations

Branches:
Dungeon (4/15)
 Temple: D:4-7

Altars:

Shops:
D:3 =

Annotations:
D:2 1 runed translucent door, Crazy Yiuf


Innate Abilities, Weirdness & Mutations

You are a tree.
Your roots penetrate the ground, keeping you stationary.
You cannot be teleported.
You are immune to unholy pain and torment.
Your maximum health is greatly increased.
Your equipment is partially melded.
((You have a pair of horns on your head.))
((You reflexively headbutt those who attack you in melee.))


Message History

Something tries to affect you, but you resist.
Something hits you but does no damage.
You attack the rock wall.
* * * LOW HITPOINT WARNING * * *
You feel very sick.
You hear some strange, mumbled words.
A puff of flame appears from out of thin air!
The puff of flame hits you but does no damage.
You are too confused!
You nearly hit yourself!
* * * LOW HITPOINT WARNING * * *
You feel sick. Something hits you.
* * * LOW HITPOINT WARNING * * *
You attack the rock wall.
* * * LOW HITPOINT WARNING * * *
You feel very sick.
Something hits you but does no damage. x2
You attack the rock wall.
You feel less invigorated.
You feel less confused.
You feel sick. Something hits you but does no damage.
You barely miss something.
You hear the slow rusting of a very distant drain.
You feel sick. Something hits you but does no damage. Something hits you.
* * * LOW HITPOINT WARNING * * *
You barely miss something.
You feel sick. Something hits you but does no damage.
You hear some strange, mumbled words.
A magic dart appears from out of thin air!
The magic dart hits you but does no damage.
Aiming: Polymorph
Press: ? - help, Shift-Dir - straight line Nothing appears to happen.
You feel sick. Something hits you but does no damage.
You are lethally poisoned!
You closely miss something.
* * * LOW HITPOINT WARNING * * *
You feel very sick. Something hits you but does no damage.
You hit something but do no damage.
You die...

..# .. .. .#
.# ##.##
#.####[..#.#
#<#♣{..)...#
#.#.##.).#.#
#.#.###.##
#....##.##.
#..........
##...##.###
##.## .# #<#
.# #.#


There were no monsters in sight!

Vanquished Creatures
  A howler monkey (D:3)
  4 adders
  2 dart slugs
  4 orcs
  6 ball pythons
  6 bats
  7 endoplasms
  4 giant cockroaches
  5 goblins
  4 hobgoblins
  2 quokkas
  3 frilled lizards
  8 rats
56 creatures vanquished.

Vanquished Creatures (others)
  2 fungi (D:2)
2 creatures vanquished.

Grand Total: 58 creatures vanquished

Notes
Turn   | Place    | Note
-------+----------+-------------------------------------------
     0 | D:1      | cbfl8 the Minotaur Monk began the quest for the Orb.
     0 | D:1      | Reached XP level 1. HP: 19/19 MP: 0/0
   544 | D:1      | Reached XP level 2. HP: 27/27 MP: 1/1
   675 | D:1      | Found a faded altar of an unknown god.
   689 | D:1      | Reached skill level 4 in Long Blades
  1428 | D:2      | Reached XP level 3. HP: 32/33 MP: 2/2
  2237 | D:2      | Found a runed translucent door.
  2238 | D:2      | Noticed Crazy Yiuf
  2344 | D:3      | Reached XP level 4. HP: 41/41 MP: 3/3
  2675 | D:3      | Found Keutriegh's Jewellery Emporium.
  3294 | D:3      | Noticed Ijyb
  3304 | D:3      | Noticed Ijyb
  3304 | D:3      | Ijyb changed into Ijyb the howler monkey
  3320 | D:3      | Killed Ijyb the howler monkey
  3321 | D:3      | Reached skill level 5 in Long Blades
  3321 | D:3      | Reached skill level 1 in Armour
  3321 | D:3      | Reached skill level 1 in Shields
  3491 | D:4      | Reached XP level 5. HP: 43/47 MP: 4/4
  3515 | D:4      | HP: 3/70 [poisoned by an orc wizard]
  3523 | D:4      | HP: 2/70 [poisoned by an orc wizard]
  3524 | D:4      | Succumbed to an orc wizard's poison

Illustrated notes

Levels and vault maps discovered:
D:1:      dpeg_arrival_water_temple_mockup, layout_basic,
          hellmonk_ecumenical_altar_pennies_from_heaven, minmay_misc_feat_iff,
          nrook_loot_triangle
D:2:      minmay_razor_zed, layout_basic, hangedman_abyss_or_decor_stabs,
          uniq_crazy_yiuf_cottage
D:3:      wad_crossroads, layout_loops_corners, serial_shops,
          nicolae_shop_crystal, uniq_ijyb
D:4:      layout_loops_ring, minmay_temple_entry_statues_pillars,
          gup_sewer_entry_spiral, uniq_duvessa

Skill      XL: |  1  2  3  4 |
---------------+-------------+-----
Fighting       | 4 |  4.6
Long Blades    | 4 5 |  5.0
Stealth        | 2 |  2.1
Armour         | 1 |  1.2
Shields        | 1 |  1.0
Axes           | |  0.8
Dodging        | |  3.6

Action                   |  1- 3 |  4- 6 || total
-------------------------+-------+-------++-------
Melee: Falchion          |    78 |    39 ||   117
       Headbutt          |    12 |    10 ||    22
       War axe           |       |    33 ||    33
Evoke: Wand              |       |     2 ||     2
  Use: Scroll            |       |     7 ||     7
       Potion            |       |     7 ||     7
 Stab: Sleeping          |     1 |       ||     1
Armor: Robe              |     6 |       ||     6
       Chain mail        |    26 |    44 ||    70
       Ring mail         |     1 |       ||     1
       Skin              |       |    12 ||    12
Dodge: Dodged            |    38 |    14 ||    52
Block: Buckler           |     5 |    12 ||    17
       Rpst.: Falchion   |    11 |     1 ||    12
